New York Rangers vs Arizona Coyotes
Created - Thursday, February 5, 2026 at 10:25
Goals
|
| New York Rangers |
1 |
1 |
0 |
2 |
| Arizona Coyotes |
1 |
0 |
0 |
1 |
|
Shots
|
| New York Rangers |
6 |
20 |
8 |
34 |
| Arizona Coyotes |
12 |
15 |
15 |
42 |
|
1st period
1. New York Rangers , Artemi Panarin 6 (Nathan MacKinnon 11, Cole Caufield 11) at 7:01
2. Arizona Coyotes , Anders Lee 6 (Charlie Coyle 6) at 7:07
Penalties :
Radko Gudas (AZC) for Tripping (Minor) at 0:19, Victor Hedman (NYR) for Cross-checking (Minor) at 14:20
2nd period
3. New York Rangers , Cole Caufield 5 (Nathan MacKinnon 12, Artemi Panarin 12) at 14:01 (PP)
Penalties :
Victor Hedman (NYR) for Slashing (Minor) at 3:01, Johnathan Kovacevic (AZC) for Goalie Interference (Minor) at 13:54, Adam Larsson (NYR) for High sticking (Minor) at 16:46
3rd period
No Goal
Penalties :
Radko Gudas (AZC) for High sticking (Minor) at 7:42, Adam Larsson (NYR) for Delaying the game (Minor) at 17:02
Goalie Stats
Igor Shesterkin (NYR), 41 saves from 42 shots - (0.976), W, 13-3-0, 60:00 minutes
Elvis Merzlikins (AZC), 32 saves from 34 shots - (0.941), L, 6-8-0, 59:35 minutes
Players Stats for New York Rangers
Player Name G A P +/- PIM S H SB GA TA FO MP PP MP PK MP
------------------------------------------------------------------------------------
Adam Larsson 0 0 0 1 4 1 1 0 0 0 0/0 23:09 0:57 2:19
Artemi Panarin 1 1 2 1 0 6 1 0 1 2 1/1 18:21 2:11 0:00
Cole Caufield 1 1 2 1 0 4 2 0 0 1 0/1 18:28 2:04 0:00
Conor Garland 0 0 0 0 0 1 0 0 0 0 0/0 7:39 0:00 0:00
Dmitry Kulikov 0 0 0 0 0 1 0 0 0 1 0/0 17:03 0:10 3:04
Dylan Strome 0 0 0 0 0 2 0 0 0 0 0/2 11:42 1:54 0:00
Evgeni Malkin 0 0 0 -1 0 3 1 0 2 0 8/14 15:25 2:00 0:00
Jake Walman 0 0 0 -1 0 0 3 2 1 0 0/0 13:40 0:58 1:39
Kyle Palmieri 0 0 0 -1 0 1 1 0 0 0 1/1 14:36 1:54 0:00
Luke Schenn 0 0 0 1 0 2 0 0 0 0 0/0 21:06 0:00 3:03
Marcus Foligno 0 0 0 0 0 3 2 0 0 0 0/0 12:14 0:07 3:46
Mikael Granlund 0 0 0 0 0 2 2 0 1 0 1/6 17:13 2:05 4:10
Nathan MacKinnon 0 2 2 1 0 2 1 1 2 0 13/23 18:21 2:11 0:00
Noel Acciari 0 0 0 0 0 0 4 0 0 0 0/5 11:57 0:00 4:10
Olli Maatta 0 0 0 0 0 0 0 1 0 0 0/0 18:00 0:00 4:53
Teuvo Teravainen 0 0 0 0 0 2 0 0 0 0 1/4 15:06 0:00 3:46
Timo Meier 0 0 0 -1 0 2 4 0 0 0 0/1 15:29 1:54 0:00
Victor Hedman 0 0 0 -1 4 2 1 1 0 0 0/0 22:31 2:00 0:54
Players Stats for Arizona Coyotes
Player Name G A P +/- PIM S H SB GA TA FO MP PP MP PK MP
------------------------------------------------------------------------------------
Aliaksei Protas 0 0 0 0 0 4 2 0 0 0 0/0 11:59 0:00 0:00
Anders Lee 1 0 1 1 0 4 1 0 0 0 0/3 21:14 4:08 2:02
Brayden McNabb 0 0 0 -1 0 3 1 0 0 3 0/0 22:56 3:53 2:06
Charlie Coyle 0 1 1 1 0 4 1 1 0 2 12/26 21:14 4:08 2:02
Erik Haula 0 0 0 0 0 2 1 0 1 0 2/3 10:20 0:00 2:00
Jared Spurgeon 0 0 0 -1 0 1 0 1 0 0 0/0 22:56 3:53 2:06
Jeff Petry 0 0 0 0 0 0 0 1 0 0 0/0 11:37 0:00 0:03
Johnathan Kovacevic 0 0 0 1 2 1 5 0 0 0 0/0 25:35 4:03 1:59
Kiefer Sherwood 0 0 0 1 0 3 4 1 0 0 0/1 21:06 4:08 2:00
Mason McTavish 0 0 0 -1 0 2 1 1 1 0 11/16 16:27 3:48 0:03
Mats Zuccarello 0 0 0 -1 0 3 0 0 2 0 0/0 16:18 3:48 0:00
Nick Seeler 0 0 0 0 0 1 0 2 0 0 0/0 13:30 0:00 1:56
Ondrej Palat 0 0 0 0 0 2 0 0 0 0 1/1 8:20 0:00 0:00
Radko Gudas 0 0 0 1 4 5 0 1 0 2 0/0 23:35 4:03 0:00
Ross Colton 0 0 0 0 0 3 1 0 0 0 0/0 8:20 0:00 0:00
Ryan Donato 0 0 0 0 0 3 4 1 0 0 4/5 11:59 0:00 0:00
Tyler Bertuzzi 0 0 0 -1 0 1 2 0 0 0 1/1 16:18 3:48 0:00
Vladimir Tarasenko 0 0 0 0 0 0 0 0 0 0 2/2 12:08 0:00 0:03
3 Stars
1 - Igor Shesterkin (NYR)
2 - Cole Caufield (NYR)
3 - Artemi Panarin (NYR)
Power Play
New York Rangers - 1 on 3 Attempt(s) - 33.33%
Arizona Coyotes - 0 on 4 Attempt(s) - 0.00%
Penalty Kill
New York Rangers - 4 on 4 Attempt(s) - 100.00%
- Score 0 goal in Penalty Kill
Arizona Coyotes - 2 on 3 Attempt(s) - 66.67%
- Score 0 goal in Penalty Kill
Team Stat
New York Rangers - Hits : 23 - Faceoff Wins : 25 - Blocked Shots : 5 - Penalty Minutes : 8
Arizona Coyotes - Hits : 23 - Faceoff Wins : 33 - Blocked Shots : 9 - Penalty Minutes : 6
Official
Referees : Mitch Dunning and Brandon Schrader
Linesman : Tyson Baker and Matt MacPherson
Game Notes
Jake Walman is injured at 14:52 of 2nd period (Sprained Left Ankle)
Finance
Level 1 -- Attendance: 5798 (96.63%) -- Ticket Income $521,820
Level 2 -- Attendance: 4741 (94.82%) -- Ticket Income $237,050
Level 3 -- Attendance: 2998 (99.93%) -- Ticket Income $83,944
Level 4 -- Attendance: 5000 (100.00%) -- Ticket Income $100,000
Luxury Box -- Attendance: 950 (95.00%) -- Ticket Income $180,500
Game was played at the Gila River Arena.
Total Attendance: 19487 (97.44%)
Total Ticket Income: $1,123,314
Other Income: $393,160
Total Income: $1,516,474
New York Rangers
5 vs 5 Forward
Center Left Wing Right Wing Time % Phy DF OF
1 Nathan MacKinnon Artemi Panarin Cole Caufield 40 0 1 4
2 Evgeni Malkin Timo Meier Kyle Palmieri 30 1 1 3
3 Dylan Strome Teuvo Teravainen Mikael Granlund 20 1 2 2
4 Noel Acciari Marcus Foligno Conor Garland 10 2 2 1
5 vs 5 Defense
Defense Defense Time % Phy DF OF
1 Victor Hedman Jake Walman 40 0 3 2
2 Luke Schenn Adam Larsson 35 0 4 1
3 Olli Maatta Dmitry Kulikov 25 2 3 0
4 Dmitry Kulikov Adam Larsson 0 1 2 2
PowerPlay Forward
Center Left Wing Right Wing Time % Phy DF OF
1 Nathan MacKinnon Cole Caufield Artemi Panarin 50 0 0 5
2 Dylan Strome Timo Meier Kyle Palmieri 50 0 1 4
PowerPlay Defense
Defense Defense Time % Phy DF OF
1 Victor Hedman Evgeni Malkin 65 0 0 5
2 Jake Walman Mikael Granlund 35 0 1 4
Penalty Kill 4 Players Forward
Center Wing Time % Phy DF OF
1 Mikael Granlund Noel Acciari 50 1 4 0
2 Teuvo Teravainen Marcus Foligno 50 2 3 0
Penalty Kill 4 Players Defense
Defense Defense Time % Phy DF OF
1 Olli Maatta Adam Larsson 60 1 4 0
2 Luke Schenn Jake Walman 40 2 3 0
Penalty Kill - 3 Players Forward
Forward Time % Phy DF OF
1 Mikael Granlund 50 0 5 0
2 Noel Acciari 50 0 5 0
Penalty Kill - 3 Players Defense
Defense Defense Time % Phy DF OF
1 Olli Maatta Adam Larsson 50 0 4 0
2 Jake Walman Luke Schenn 50 0 5 0
4 vs 4 Forward
Center Wing Time % Phy DF OF
1 Nathan MacKinnon Artemi Panarin 50 0 2 3
2 Evgeni Malkin Cole Caufield 50 0 2 3
4 vs 4 Defense
Defense Defense Time % Phy DF OF
1 Victor Hedman Jake Walman 50 1 2 2
2 Adam Larsson Luke Schenn 50 1 2 2
Last Minutes Offensive
Center Left Wing Right Wing Defense Defense
Nathan MacKinnon Cole Caufield Artemi Panarin Victor Hedman Jake Walman
Last Minutes Defensive
Center Left Wing Right Wing Defense Defense
Mikael Granlund Noel Acciari Teuvo Teravainen Adam Larsson Jake Walman
Goaltenders
Starting : Igor Shesterkin
Backup : Kevin Lankinen
Extra Forwards
Normal : Timo Meier, Dylan Strome, Teuvo Teravainen - PP : Timo Meier, Dylan Strome - PK : Teuvo Teravainen
Extra Defensemen
Normal : Adam Larsson, Olli Maatta, Jake Walman - PP : Adam Larsson - PK : Olli Maatta, Jake Walman
Penalty Shots
Nathan MacKinnon, Evgeni Malkin, Mikael Granlund, Artemi Panarin, Kyle Palmieri
Scratches
None
Arizona Coyotes
5 vs 5 Forward
Center Left Wing Right Wing Time % Phy DF OF
1 Charlie Coyle Anders Lee Kiefer Sherwood 35 1 2 2
2 Mason McTavish Mats Zuccarello Tyler Bertuzzi 30 1 2 2
3 Ryan Donato Aliaksei Protas Vladimir Tarasenko 20 1 2 2
4 Erik Haula Ross Colton Ondrej Palat 15 1 2 2
5 vs 5 Defense
Defense Defense Time % Phy DF OF
1 Radko Gudas Johnathan Kovacevic 40 1 2 2
2 Brayden McNabb Jared Spurgeon 35 1 2 2
3 Jeff Petry Nick Seeler 25 1 2 2
4 Radko Gudas Johnathan Kovacevic 0 1 2 2
PowerPlay Forward
Center Left Wing Right Wing Time % Phy DF OF
1 Charlie Coyle Anders Lee Kiefer Sherwood 55 1 2 2
2 Mason McTavish Mats Zuccarello Tyler Bertuzzi 45 1 2 2
PowerPlay Defense
Defense Defense Time % Phy DF OF
1 Radko Gudas Johnathan Kovacevic 55 1 2 2
2 Brayden McNabb Jared Spurgeon 45 1 2 2
Penalty Kill 4 Players Forward
Center Wing Time % Phy DF OF
1 Anders Lee Charlie Coyle 50 1 2 2
2 Kiefer Sherwood Erik Haula 50 1 2 2
Penalty Kill 4 Players Defense
Defense Defense Time % Phy DF OF
1 Radko Gudas Johnathan Kovacevic 50 1 2 2
2 Brayden McNabb Jared Spurgeon 50 1 2 2
Penalty Kill - 3 Players Forward
Forward Time % Phy DF OF
1 Anders Lee 50 1 2 2
2 Charlie Coyle 50 1 2 2
Penalty Kill - 3 Players Defense
Defense Defense Time % Phy DF OF
1 Radko Gudas Johnathan Kovacevic 50 1 2 2
2 Brayden McNabb Jared Spurgeon 50 1 2 2
4 vs 4 Forward
Center Wing Time % Phy DF OF
1 Anders Lee Charlie Coyle 50 1 2 2
2 Kiefer Sherwood Aliaksei Protas 50 1 2 2
4 vs 4 Defense
Defense Defense Time % Phy DF OF
1 Radko Gudas Johnathan Kovacevic 50 1 2 2
2 Brayden McNabb Jared Spurgeon 50 1 2 2
Last Minutes Offensive
Center Left Wing Right Wing Defense Defense
Charlie Coyle Anders Lee Kiefer Sherwood Radko Gudas Johnathan Kovacevic
Last Minutes Defensive
Center Left Wing Right Wing Defense Defense
Charlie Coyle Anders Lee Kiefer Sherwood Radko Gudas Johnathan Kovacevic
Goaltenders
Starting : Elvis Merzlikins
Backup : Tristan Jarry
Extra Forwards
Normal : Mason McTavish, Ryan Donato, Vladimir Tarasenko - PP : Mason McTavish, Ryan Donato - PK : Vladimir Tarasenko
Extra Defensemen
Normal : Jeff Petry, Nick Seeler, Brayden McNabb - PP : Jeff Petry - PK : Nick Seeler, Brayden McNabb
Penalty Shots
Anders Lee, Charlie Coyle, Kiefer Sherwood, Aliaksei Protas, Mats Zuccarello
Scratches
Anthony DeAngelo (Healthy), Ryan Mast (Healthy), Carter Hart (Healthy)
% Time on Ice - New York Rangers
Lines # - Real PCT - Wanted PCT - Time Play
Normal Forward
1 - 35% - 40% - 16:18
2 - 28% - 30% - 13:21
3 - 21% - 20% - 9:48
4 - 16% - 10% - 7:39
Normal Defense
1 - 43% - 40% - 20:08
2 - 35% - 35% - 16:40
3 - 22% - 25% - 10:18
4 - 0% - 0% - 0:00
PP Forward
1 - 53% - 50% - 2:11
2 - 47% - 50% - 1:54
PP Defense
1 - 49% - 65% - 2:00
2 - 51% - 35% - 2:05
PK Forward
1 - 53% - 50% - 4:10
2 - 47% - 50% - 3:46
PK Defense
1 - 62% - 60% - 4:53
2 - 38% - 40% - 3:03
PK3 Forward
1 - 0% - 50%
2 - 0% - 50%
PK3 Defense
1 - 0% - 50%
2 - 0% - 50%
44 Forward
1 - 0% - 50%
2 - 0% - 50%
44 Defense
1 - 0% - 50%
2 - 0% - 50%
Last Minute Offensive - 0:00
Last Minute Defensive - 0:53
Total
Forward - 60:00
Defense - 60:00
|
% Time on Ice - Arizona Coyotes
Lines # - Real PCT - Wanted PCT - Time Play
Normal Forward
1 - 32% - 35% - 15:04
2 - 27% - 30% - 12:36
3 - 24% - 20% - 11:05
4 - 18% - 15% - 8:20
Normal Defense
1 - 41% - 40% - 19:14
2 - 35% - 35% - 16:23
3 - 24% - 25% - 11:28
4 - 0% - 0% - 0:00
PP Forward
1 - 52% - 55% - 4:08
2 - 48% - 45% - 3:48
PP Defense
1 - 51% - 55% - 4:03
2 - 49% - 45% - 3:53
PK Forward
1 - 50% - 50% - 2:02
2 - 50% - 50% - 2:03
PK Defense
1 - 49% - 50% - 1:59
2 - 51% - 50% - 2:06
PK3 Forward
1 - 0% - 50%
2 - 0% - 50%
PK3 Defense
1 - 0% - 50%
2 - 0% - 50%
44 Forward
1 - 0% - 50%
2 - 0% - 50%
44 Defense
1 - 0% - 50%
2 - 0% - 50%
Last Minute Offensive - 0:54
Last Minute Defensive - 0:00
Total
Forward - 60:00
Defense - 60:00
|
Play-by-Play
1st period
0:01 of 1st period - Nathan MacKinnon wins face-off versus Charlie Coyle in neutral zone.
0:19 of 1st period - Minor Penalty to Radko Gudas for Tripping.
0:20 of 1st period - Nathan MacKinnon wins face-off versus Anders Lee in Arizona Coyotes zone.
0:22 of 1st period - Wrist shot by Artemi Panarin.
0:22 of 1st period - Stopped by Elvis Merzlikins with a rebound.
0:24 of 1st period - Snap shot by Cole Caufield.
0:24 of 1st period - Stopped by Elvis Merzlikins without a rebound.
0:25 of 1st period - Nathan MacKinnon wins face-off versus Anders Lee in Arizona Coyotes zone.
0:38 of 1st period - Backhand shot by Artemi Panarin.
0:38 of 1st period - Deflect By Cole Caufield.
0:38 of 1st period - Stopped by Elvis Merzlikins with a rebound.
0:40 of 1st period - Backhand shot by Victor Hedman.
0:40 of 1st period - Shot Misses the Net.
0:42 of 1st period - Slapshot by Victor Hedman.
0:42 of 1st period - Shot Blocked by Charlie Coyle.
0:56 of 1st period - Kyle Palmieri is hit by Kiefer Sherwood.
1:45 of 1st period - Brayden McNabb is hit by Kyle Palmieri and loses puck.
2:19 of 1st period - Penalty to Radko Gudas is over, Radko Gudas is back on ice.
2:32 of 1st period - Snap shot by Mats Zuccarello.
2:32 of 1st period - Shot Misses the Net.
2:34 of 1st period - Slapshot by Nick Seeler.
2:34 of 1st period - Stopped by Igor Shesterkin with a rebound.
2:52 of 1st period - Teuvo Teravainen is hit by Ryan Donato and loses puck.
2:59 of 1st period - Snap shot by Aliaksei Protas.
2:59 of 1st period - Stopped by Igor Shesterkin with a rebound.
3:01 of 1st period - Snap shot by Radko Gudas.
3:01 of 1st period - Stopped by Igor Shesterkin without a rebound.
3:02 of 1st period - Mason McTavish wins face-off versus Nathan MacKinnon in New York Rangers zone.
3:17 of 1st period - Mats Zuccarello is hit by Cole Caufield and loses puck.
4:33 of 1st period - Wrist shot by Conor Garland.
4:33 of 1st period - Deflect By Noel Acciari.
4:33 of 1st period - Shot Misses the Net.
4:33 of 1st period - Puck is out of play.
4:34 of 1st period - Mason McTavish wins face-off versus Nathan MacKinnon in Arizona Coyotes zone.
5:17 of 1st period - Wrist shot by Mats Zuccarello.
5:17 of 1st period - Stopped by Igor Shesterkin with a rebound.
5:33 of 1st period - Snap shot by Mason McTavish.
5:33 of 1st period - Shot Misses the Net.
5:35 of 1st period - Slapshot by Johnathan Kovacevic.
5:35 of 1st period - Shot Misses the Net.
5:37 of 1st period - Slapshot by Johnathan Kovacevic.
5:37 of 1st period - Stopped by Igor Shesterkin with a rebound.
5:39 of 1st period - Slapshot by Radko Gudas.
5:39 of 1st period - Deflect By Artemi Panarin.
5:39 of 1st period - Stopped by Igor Shesterkin with a rebound.
6:15 of 1st period - Wrist shot by Cole Caufield.
6:15 of 1st period - Shot Misses the Net.
6:59 of 1st period - Wrist shot by Artemi Panarin.
6:59 of 1st period - Stopped by Elvis Merzlikins with a rebound.
7:01 of 1st period - Snap shot by Artemi Panarin.
7:01 of 1st period - Goal by Artemi Panarin - New York Rangers : 1 - Arizona Coyotes : 0.
7:02 of 1st period - Charlie Coyle wins face-off versus Evgeni Malkin in neutral zone.
7:07 of 1st period - Snap shot by Anders Lee.
7:07 of 1st period - Goal by Anders Lee - New York Rangers : 1 - Arizona Coyotes : 1.
7:08 of 1st period - Evgeni Malkin wins face-off versus Charlie Coyle in neutral zone.
7:35 of 1st period - Nick Seeler is hit by Noel Acciari and loses puck.
7:40 of 1st period - Snap shot by Marcus Foligno.
7:40 of 1st period - Shot Blocked by Nick Seeler.
9:39 of 1st period - Anders Lee is hit by Noel Acciari and loses puck.
9:46 of 1st period - Adam Larsson is hit by Kiefer Sherwood and loses puck.
10:12 of 1st period - Victor Hedman is hit by Johnathan Kovacevic and loses puck.
10:27 of 1st period - Jeff Petry is hit by Jake Walman and loses puck.
11:00 of 1st period - Jared Spurgeon is hit by Jake Walman and loses puck.
11:13 of 1st period - Timo Meier is hit by Erik Haula and loses puck.
11:32 of 1st period - Nick Seeler is hit by Jake Walman and loses puck.
12:05 of 1st period - Kiefer Sherwood is hit by Marcus Foligno and loses puck.
12:32 of 1st period - Brayden McNabb is hit by Timo Meier and loses puck.
13:17 of 1st period - Snap shot by Marcus Foligno.
13:17 of 1st period - Stopped by Elvis Merzlikins without a rebound.
13:18 of 1st period - Ryan Donato wins face-off versus Timo Meier in Arizona Coyotes zone.
13:27 of 1st period - Kyle Palmieri is hit by Ryan Donato and loses puck.
13:49 of 1st period - Snap shot by Anders Lee.
13:49 of 1st period - Stopped by Igor Shesterkin without a rebound.
13:50 of 1st period - Erik Haula wins face-off versus Evgeni Malkin in New York Rangers zone.
13:57 of 1st period - Wrist shot by Ross Colton.
13:57 of 1st period - Stopped by Igor Shesterkin with a rebound.
13:59 of 1st period - Backhand shot by Erik Haula.
13:59 of 1st period - Stopped by Igor Shesterkin with a rebound.
14:01 of 1st period - Slapshot by Ross Colton.
14:01 of 1st period - Deflect By Erik Haula.
14:01 of 1st period - Shot Misses the Net.
14:01 of 1st period - Puck is out of play.
14:02 of 1st period - Evgeni Malkin wins face-off versus Charlie Coyle in New York Rangers zone.
14:20 of 1st period - Minor Penalty to Victor Hedman for Cross-checking.
14:21 of 1st period - Charlie Coyle wins face-off versus Mikael Granlund in New York Rangers zone.
16:20 of 1st period - Penalty to Victor Hedman is over, Victor Hedman is back on ice.
16:22 of 1st period - Icing by Teuvo Teravainen.
16:23 of 1st period - Mason McTavish wins face-off versus Nathan MacKinnon in New York Rangers zone.
16:40 of 1st period - Snap shot by Timo Meier.
16:40 of 1st period - Shot Misses the Net.
16:42 of 1st period - Wrist shot by Evgeni Malkin.
16:42 of 1st period - Shot Misses the Net.
16:44 of 1st period - Slapshot by Dmitry Kulikov.
16:44 of 1st period - Shot Blocked by Jeff Petry.
17:07 of 1st period - Aliaksei Protas is hit by Artemi Panarin.
17:24 of 1st period - Adam Larsson is hit by Ross Colton and loses puck.
17:33 of 1st period - Brayden McNabb is hit by Mikael Granlund and loses puck.
18:05 of 1st period - Conor Garland is hit by Johnathan Kovacevic and loses puck.
18:14 of 1st period - Snap shot by Mason McTavish.
18:14 of 1st period - Stopped by Igor Shesterkin with a rebound.
18:16 of 1st period - Snap shot by Tyler Bertuzzi.
18:16 of 1st period - Stopped by Igor Shesterkin without a rebound.
18:17 of 1st period - Nathan MacKinnon wins face-off versus Charlie Coyle in New York Rangers zone.
Goals for this period are 1 for New York Rangers vs 1 for Arizona Coyotes.
Shots for this period are 6 for New York Rangers vs 12 for Arizona Coyotes.
2nd period
0:01 of 2nd period - Charlie Coyle wins face-off versus Nathan MacKinnon in neutral zone.
0:12 of 2nd period - Snap shot by Artemi Panarin.
0:12 of 2nd period - Shot Misses the Net.
0:14 of 2nd period - Slapshot by Victor Hedman.
0:14 of 2nd period - Deflect By Nathan MacKinnon.
0:14 of 2nd period - Stopped by Elvis Merzlikins with a rebound.
0:16 of 2nd period - Snap shot by Artemi Panarin.
0:16 of 2nd period - Stopped by Elvis Merzlikins without a rebound.
0:17 of 2nd period - Mason McTavish wins face-off versus Evgeni Malkin in Arizona Coyotes zone.
0:22 of 2nd period - Mason McTavish is hit by Evgeni Malkin and loses puck.
0:32 of 2nd period - Jake Walman is hit by Johnathan Kovacevic and loses puck.
0:43 of 2nd period - Radko Gudas is hit by Cole Caufield and loses puck.
0:52 of 2nd period - Snap shot by Artemi Panarin.
0:52 of 2nd period - Shot Blocked by Kiefer Sherwood.
1:14 of 2nd period - Slapshot by Teuvo Teravainen.
1:14 of 2nd period - Stopped by Elvis Merzlikins with a rebound.
1:34 of 2nd period - Snap shot by Ross Colton.
1:34 of 2nd period - Stopped by Igor Shesterkin without a rebound.
1:35 of 2nd period - Charlie Coyle wins face-off versus Nathan MacKinnon in New York Rangers zone.
1:36 of 2nd period - Snap shot by Anders Lee.
1:36 of 2nd period - Stopped by Igor Shesterkin with a rebound.
1:38 of 2nd period - Wrist shot by Charlie Coyle.
1:38 of 2nd period - Stopped by Igor Shesterkin without a rebound.
1:39 of 2nd period - Nathan MacKinnon wins face-off versus Charlie Coyle in New York Rangers zone.
1:46 of 2nd period - Slapshot by Artemi Panarin.
1:46 of 2nd period - Stopped by Elvis Merzlikins with a rebound.
2:33 of 2nd period - Anders Lee is hit by Adam Larsson and loses puck.
2:48 of 2nd period - Slapshot by Anders Lee.
2:48 of 2nd period - Shot Misses the Net.
2:50 of 2nd period - Slapshot by Radko Gudas.
2:50 of 2nd period - Stopped by Igor Shesterkin with a rebound.
2:52 of 2nd period - Slapshot by Johnathan Kovacevic.
2:52 of 2nd period - Shot Hit the Post.
2:54 of 2nd period - Slapshot by Radko Gudas.
2:54 of 2nd period - Shot Misses the Net.
2:56 of 2nd period - Wrist shot by Anders Lee.
2:56 of 2nd period - Shot Blocked by Nathan MacKinnon.
2:58 of 2nd period - Slapshot by Johnathan Kovacevic.
2:58 of 2nd period - Deflect By Kiefer Sherwood.
2:58 of 2nd period - Shot Misses the Net.
2:58 of 2nd period - Puck is out of play.
2:59 of 2nd period - Evgeni Malkin wins face-off versus Mason McTavish in New York Rangers zone.
3:01 of 2nd period - Minor Penalty to Victor Hedman for Slashing.
3:02 of 2nd period - Teuvo Teravainen wins face-off versus Mason McTavish in New York Rangers zone.
3:06 of 2nd period - Brayden McNabb is hit by Marcus Foligno and loses puck.
3:11 of 2nd period - Wrist shot by Teuvo Teravainen.
3:11 of 2nd period - Deflect By Jared Spurgeon.
3:11 of 2nd period - Shot Misses the Net.
3:11 of 2nd period - Puck is out of play.
3:12 of 2nd period - Tyler Bertuzzi wins face-off versus Teuvo Teravainen in Arizona Coyotes zone.
3:29 of 2nd period - Snap shot by Marcus Foligno.
3:29 of 2nd period - Shot Blocked by Mason McTavish.
3:31 of 2nd period - Snap shot by Marcus Foligno.
3:31 of 2nd period - Stopped by Elvis Merzlikins with a rebound.
3:43 of 2nd period - Slapshot by Mason McTavish.
3:43 of 2nd period - Stopped by Igor Shesterkin without a rebound.
3:44 of 2nd period - Charlie Coyle wins face-off versus Mikael Granlund in New York Rangers zone.
5:01 of 2nd period - Penalty to Victor Hedman is over, Victor Hedman is back on ice.
5:11 of 2nd period - Kyle Palmieri is hit by Ryan Donato and loses puck.
5:20 of 2nd period - Nick Seeler is hit by Timo Meier and loses puck.
5:28 of 2nd period - Icing by Ryan Donato.
5:29 of 2nd period - Nathan MacKinnon wins face-off versus Ryan Donato in Arizona Coyotes zone.
5:59 of 2nd period - Wrist shot by Aliaksei Protas.
5:59 of 2nd period - Stopped by Igor Shesterkin without a rebound.
6:00 of 2nd period - Evgeni Malkin wins face-off versus Charlie Coyle in New York Rangers zone.
6:13 of 2nd period - Slapshot by Anders Lee.
6:13 of 2nd period - Deflect By Kiefer Sherwood.
6:13 of 2nd period - Stopped by Igor Shesterkin without a rebound.
6:14 of 2nd period - Mason McTavish wins face-off versus Evgeni Malkin in New York Rangers zone.
6:41 of 2nd period - Artemi Panarin is hit by Kiefer Sherwood and loses puck.
7:10 of 2nd period - Snap shot by Erik Haula.
7:10 of 2nd period - Stopped by Igor Shesterkin without a rebound.
7:11 of 2nd period - Mason McTavish wins face-off versus Evgeni Malkin in New York Rangers zone.
7:20 of 2nd period - Snap shot by Tyler Bertuzzi.
7:20 of 2nd period - Shot Blocked by Jake Walman.
7:22 of 2nd period - Snap shot by Mats Zuccarello.
7:22 of 2nd period - Deflect By Tyler Bertuzzi.
7:22 of 2nd period - Shot Misses the Net.
7:22 of 2nd period - Puck is out of play.
7:23 of 2nd period - Evgeni Malkin wins face-off versus Charlie Coyle in New York Rangers zone.
7:23 of 2nd period - Evgeni Malkin is hit by Charlie Coyle.
7:54 of 2nd period - Slapshot by Ross Colton.
7:54 of 2nd period - Stopped by Igor Shesterkin with a rebound.
8:28 of 2nd period - Snap shot by Timo Meier.
8:28 of 2nd period - Stopped by Elvis Merzlikins without a rebound.
8:29 of 2nd period - Vladimir Tarasenko wins face-off versus Cole Caufield in Arizona Coyotes zone.
8:56 of 2nd period - Luke Schenn is hit by Johnathan Kovacevic.
9:02 of 2nd period - Slapshot by Anders Lee.
9:02 of 2nd period - Stopped by Igor Shesterkin without a rebound.
9:03 of 2nd period - Charlie Coyle wins face-off versus Dylan Strome in New York Rangers zone.
9:08 of 2nd period - Slapshot by Charlie Coyle.
9:08 of 2nd period - Shot Misses the Net.
9:20 of 2nd period - Snap shot by Charlie Coyle.
9:20 of 2nd period - Stopped by Igor Shesterkin without a rebound.
9:21 of 2nd period - Nathan MacKinnon wins face-off versus Mason McTavish in New York Rangers zone.
9:28 of 2nd period - Snap shot by Victor Hedman.
9:28 of 2nd period - Shot Misses the Net.
9:30 of 2nd period - Backhand shot by Victor Hedman.
9:30 of 2nd period - Stopped by Elvis Merzlikins with a rebound.
9:32 of 2nd period - Snap shot by Artemi Panarin.
9:32 of 2nd period - Shot Misses the Net.
9:34 of 2nd period - Slapshot by Victor Hedman.
9:34 of 2nd period - Stopped by Elvis Merzlikins with a rebound.
9:36 of 2nd period - Snap shot by Cole Caufield.
9:36 of 2nd period - Stopped by Elvis Merzlikins without a rebound.
9:37 of 2nd period - Evgeni Malkin wins face-off versus Charlie Coyle in Arizona Coyotes zone.
9:38 of 2nd period - Wrist shot by Timo Meier.
9:38 of 2nd period - Shot Blocked by Jared Spurgeon.
10:10 of 2nd period - Snap shot by Kyle Palmieri.
10:10 of 2nd period - Stopped by Elvis Merzlikins without a rebound.
10:11 of 2nd period - Nathan MacKinnon wins face-off versus Mason McTavish in Arizona Coyotes zone.
10:56 of 2nd period - Off-side.
10:57 of 2nd period - Erik Haula wins face-off versus Noel Acciari in neutral zone.
11:00 of 2nd period - Slapshot by Jared Spurgeon.
11:00 of 2nd period - Shot Blocked by Olli Maatta.
11:02 of 2nd period - Slapshot by Brayden McNabb.
11:02 of 2nd period - Stopped by Igor Shesterkin with a rebound.
11:04 of 2nd period - Snap shot by Ondrej Palat.
11:04 of 2nd period - Stopped by Igor Shesterkin with a rebound.
12:09 of 2nd period - Wrist shot by Mikael Granlund.
12:09 of 2nd period - Stopped by Elvis Merzlikins with a rebound.
12:55 of 2nd period - Wrist shot by Nathan MacKinnon.
12:55 of 2nd period - Stopped by Elvis Merzlikins without a rebound.
12:56 of 2nd period - Evgeni Malkin wins face-off versus Charlie Coyle in Arizona Coyotes zone.
13:23 of 2nd period - Backhand shot by Aliaksei Protas.
13:23 of 2nd period - Stopped by Igor Shesterkin with a rebound.
13:41 of 2nd period - Wrist shot by Evgeni Malkin.
13:41 of 2nd period - Stopped by Elvis Merzlikins with a rebound.
13:43 of 2nd period - Snap shot by Evgeni Malkin.
13:43 of 2nd period - Stopped by Elvis Merzlikins without a rebound.
13:44 of 2nd period - Artemi Panarin wins face-off versus Charlie Coyle in Arizona Coyotes zone.
13:54 of 2nd period - Minor Penalty to Johnathan Kovacevic for Goalie Interference.
13:55 of 2nd period - Nathan MacKinnon wins face-off versus Kiefer Sherwood in Arizona Coyotes zone.
14:01 of 2nd period - Wrist shot by Nathan MacKinnon.
14:01 of 2nd period - Deflect By Cole Caufield.
14:01 of 2nd period - Goal by Cole Caufield - New York Rangers : 2 - Arizona Coyotes : 1.
14:02 of 2nd period - Mason McTavish wins face-off versus Nathan MacKinnon in neutral zone.
14:48 of 2nd period - Victor Hedman is hit by Ryan Donato.
14:52 of 2nd period - Slapshot by Ryan Donato.
14:52 of 2nd period - Shot Blocked by Jake Walman.
14:52 of 2nd period - Jake Walman from New York Rangers is injured at 14:52 of 2nd period (Sprained Left Ankle).
14:53 of 2nd period - Nathan MacKinnon wins face-off versus Charlie Coyle in New York Rangers zone.
15:06 of 2nd period - Snap shot by Charlie Coyle.
15:06 of 2nd period - Stopped by Igor Shesterkin without a rebound.
15:07 of 2nd period - Mason McTavish wins face-off versus Nathan MacKinnon in New York Rangers zone.
16:16 of 2nd period - Snap shot by Conor Garland.
16:16 of 2nd period - Deflect By Marcus Foligno.
16:16 of 2nd period - Stopped by Elvis Merzlikins with a rebound.
16:18 of 2nd period - Wrist shot by Marcus Foligno.
16:18 of 2nd period - Deflect By Conor Garland.
16:18 of 2nd period - Shot Blocked by Radko Gudas.
16:18 of 2nd period - Puck is out of play.
16:19 of 2nd period - Ondrej Palat wins face-off versus Noel Acciari in Arizona Coyotes zone.
16:19 of 2nd period - Ondrej Palat is hit by Noel Acciari.
16:32 of 2nd period - Wrist shot by Conor Garland.
16:32 of 2nd period - Stopped by Elvis Merzlikins without a rebound.
16:33 of 2nd period - Mason McTavish wins face-off versus Nathan MacKinnon in Arizona Coyotes zone.
16:33 of 2nd period - Mason McTavish is hit by Nathan MacKinnon.
16:46 of 2nd period - Minor Penalty to Adam Larsson for High sticking.
16:47 of 2nd period - Mikael Granlund wins face-off versus Charlie Coyle in New York Rangers zone.
17:43 of 2nd period - Dmitry Kulikov is hit by Anders Lee and loses puck.
18:03 of 2nd period - Teuvo Teravainen is hit by Tyler Bertuzzi and loses puck.
18:15 of 2nd period - Icing by Anders Lee.
18:16 of 2nd period - Charlie Coyle wins face-off versus Mikael Granlund in Arizona Coyotes zone.
18:46 of 2nd period - Penalty to Adam Larsson is over, Adam Larsson is back on ice.
19:16 of 2nd period - Wrist shot by Teuvo Teravainen.
19:16 of 2nd period - Shot Misses the Net.
19:18 of 2nd period - Backhand shot by Dmitry Kulikov.
19:18 of 2nd period - Stopped by Elvis Merzlikins with a rebound.
19:20 of 2nd period - Snap shot by Adam Larsson.
19:20 of 2nd period - Shot Blocked by Nick Seeler.
19:22 of 2nd period - Slapshot by Luke Schenn.
19:22 of 2nd period - Stopped by Elvis Merzlikins with a rebound.
19:24 of 2nd period - Wrist shot by Teuvo Teravainen.
19:24 of 2nd period - Stopped by Elvis Merzlikins without a rebound.
19:25 of 2nd period - Nathan MacKinnon wins face-off versus Charlie Coyle in Arizona Coyotes zone.
Goals for this period are 1 for New York Rangers vs 0 for Arizona Coyotes.
Shots for this period are 20 for New York Rangers vs 15 for Arizona Coyotes.
3rd period
0:01 of 3rd period - Nathan MacKinnon wins face-off versus Mason McTavish in neutral zone.
0:39 of 3rd period - Victor Hedman is hit by Kiefer Sherwood and loses puck.
1:20 of 3rd period - Snap shot by Mats Zuccarello.
1:20 of 3rd period - Shot Misses the Net.
2:23 of 3rd period - Luke Schenn is hit by Aliaksei Protas and loses puck.
2:56 of 3rd period - Wrist shot by Dylan Strome.
2:56 of 3rd period - Shot Misses the Net.
3:04 of 3rd period - Wrist shot by Dylan Strome.
3:04 of 3rd period - Stopped by Elvis Merzlikins with a rebound.
3:06 of 3rd period - Slapshot by Adam Larsson.
3:06 of 3rd period - Stopped by Elvis Merzlikins with a rebound.
3:36 of 3rd period - Snap shot by Dylan Strome.
3:36 of 3rd period - Stopped by Elvis Merzlikins with a rebound.
3:40 of 3rd period - Snap shot by Mikael Granlund.
3:40 of 3rd period - Shot Misses the Net.
3:42 of 3rd period - Slapshot by Teuvo Teravainen.
3:42 of 3rd period - Shot Blocked by Ryan Donato.
3:46 of 3rd period - Wrist shot by Dylan Strome.
3:46 of 3rd period - Shot Misses the Net.
3:48 of 3rd period - Snap shot by Mikael Granlund.
3:48 of 3rd period - Stopped by Elvis Merzlikins with a rebound.
3:50 of 3rd period - Slapshot by Luke Schenn.
3:50 of 3rd period - Stopped by Elvis Merzlikins without a rebound.
3:51 of 3rd period - Nathan MacKinnon wins face-off versus Charlie Coyle in Arizona Coyotes zone.
4:56 of 3rd period - Snap shot by Evgeni Malkin.
4:56 of 3rd period - Deflect By Timo Meier.
4:56 of 3rd period - Stopped by Elvis Merzlikins with a rebound.
5:04 of 3rd period - Snap shot by Evgeni Malkin.
5:04 of 3rd period - Stopped by Elvis Merzlikins without a rebound.
5:05 of 3rd period - Charlie Coyle wins face-off versus Nathan MacKinnon in Arizona Coyotes zone.
5:16 of 3rd period - Snap shot by Artemi Panarin.
5:16 of 3rd period - Stopped by Elvis Merzlikins with a rebound.
5:22 of 3rd period - Johnathan Kovacevic is hit by Victor Hedman and loses puck.
6:46 of 3rd period - Off-side.
6:47 of 3rd period - Vladimir Tarasenko wins face-off versus Evgeni Malkin in neutral zone.
7:16 of 3rd period - Kiefer Sherwood is hit by Noel Acciari and loses puck.
7:42 of 3rd period - Minor Penalty to Radko Gudas for High sticking.
7:43 of 3rd period - Kyle Palmieri wins face-off versus Anders Lee in Arizona Coyotes zone.
8:00 of 3rd period - Erik Haula is hit by Timo Meier and loses puck.
9:42 of 3rd period - Penalty to Radko Gudas is over, Radko Gudas is back on ice.
9:56 of 3rd period - Noel Acciari is hit by Tyler Bertuzzi and loses puck.
10:03 of 3rd period - Dmitry Kulikov is hit by Mason McTavish and loses puck.
10:27 of 3rd period - Snap shot by Erik Haula.
10:27 of 3rd period - Shot Misses the Net.
10:29 of 3rd period - Snap shot by Brayden McNabb.
10:29 of 3rd period - Stopped by Igor Shesterkin with a rebound.
10:31 of 3rd period - Slapshot by Ondrej Palat.
10:31 of 3rd period - Stopped by Igor Shesterkin with a rebound.
11:14 of 3rd period - Slapshot by Radko Gudas.
11:14 of 3rd period - Stopped by Igor Shesterkin without a rebound.
11:15 of 3rd period - Evgeni Malkin wins face-off versus Erik Haula in New York Rangers zone.
11:46 of 3rd period - Snap shot by Anders Lee.
11:46 of 3rd period - Shot Misses the Net.
12:00 of 3rd period - Snap shot by Mats Zuccarello.
12:00 of 3rd period - Stopped by Igor Shesterkin without a rebound.
12:01 of 3rd period - Mason McTavish wins face-off versus Dylan Strome in New York Rangers zone.
12:38 of 3rd period - Mikael Granlund is hit by Brayden McNabb and loses puck.
13:29 of 3rd period - Slapshot by Victor Hedman.
13:29 of 3rd period - Deflect By Marcus Foligno.
13:29 of 3rd period - Shot Misses the Net.
13:29 of 3rd period - Puck is out of play.
13:30 of 3rd period - Mason McTavish wins face-off versus Noel Acciari in Arizona Coyotes zone.
14:19 of 3rd period - Timo Meier is hit by Aliaksei Protas and loses puck.
14:46 of 3rd period - Snap shot by Ross Colton.
14:46 of 3rd period - Shot Blocked by Victor Hedman.
14:48 of 3rd period - Snap shot by Radko Gudas.
14:48 of 3rd period - Stopped by Igor Shesterkin with a rebound.
15:03 of 3rd period - Wrist shot by Tyler Bertuzzi.
15:03 of 3rd period - Shot Misses the Net.
15:34 of 3rd period - Anders Lee is hit by Timo Meier and loses puck.
15:43 of 3rd period - Slapshot by Kiefer Sherwood.
15:43 of 3rd period - Stopped by Igor Shesterkin without a rebound.
15:44 of 3rd period - Ryan Donato wins face-off versus Noel Acciari in New York Rangers zone.
15:51 of 3rd period - Slapshot by Aliaksei Protas.
15:51 of 3rd period - Deflect By Ryan Donato.
15:51 of 3rd period - Stopped by Igor Shesterkin without a rebound.
15:52 of 3rd period - Ryan Donato wins face-off versus Mikael Granlund in New York Rangers zone.
16:19 of 3rd period - Snap shot by Anders Lee.
16:19 of 3rd period - Shot Misses the Net.
16:21 of 3rd period - Wrist shot by Charlie Coyle.
16:21 of 3rd period - Stopped by Igor Shesterkin without a rebound.
16:22 of 3rd period - Charlie Coyle wins face-off versus Nathan MacKinnon in New York Rangers zone.
16:52 of 3rd period - Snap shot by Ryan Donato.
16:52 of 3rd period - Stopped by Igor Shesterkin with a rebound.
17:02 of 3rd period - Minor Penalty to Adam Larsson for Delaying the game.
17:03 of 3rd period - Charlie Coyle wins face-off versus Noel Acciari in New York Rangers zone.
17:29 of 3rd period - Dmitry Kulikov is hit by Johnathan Kovacevic and loses puck.
17:36 of 3rd period - Wrist shot by Mason McTavish.
17:36 of 3rd period - Deflect By Mats Zuccarello.
17:36 of 3rd period - Stopped by Igor Shesterkin without a rebound.
17:37 of 3rd period - Charlie Coyle wins face-off versus Teuvo Teravainen in New York Rangers zone.
17:38 of 3rd period - Wrist shot by Kiefer Sherwood.
17:38 of 3rd period - Stopped by Igor Shesterkin with a rebound.
17:40 of 3rd period - Slapshot by Jared Spurgeon.
17:40 of 3rd period - Stopped by Igor Shesterkin without a rebound.
17:41 of 3rd period - Charlie Coyle wins face-off versus Teuvo Teravainen in New York Rangers zone.
19:02 of 3rd period - Penalty to Adam Larsson is over, Adam Larsson is back on ice.
19:35 of 3rd period - Arizona Coyotes, Elvis Merzlikins is pulled from the net.
19:35 of 3rd period - Slapshot by Ryan Donato.
19:35 of 3rd period - Stopped by Igor Shesterkin with a rebound.
19:37 of 3rd period - Slapshot by Brayden McNabb.
19:37 of 3rd period - Stopped by Igor Shesterkin with a rebound.
19:39 of 3rd period - Snap shot by Aliaksei Protas.
19:39 of 3rd period - Stopped by Igor Shesterkin without a rebound.
19:40 of 3rd period - Jay Woodcroft call a timeout for Arizona Coyotes.
19:40 of 3rd period - Ryan Donato wins face-off versus Mikael Granlund in New York Rangers zone.
19:51 of 3rd period - Radko Gudas is hit by Mikael Granlund and loses puck.
Goals for this period are 0 for New York Rangers vs 0 for Arizona Coyotes.
Shots for this period are 8 for New York Rangers vs 15 for Arizona Coyotes.
Back to the Top